 Dungeon Crawl Stone Soup version 0.21.1-1-g345015f (webtiles) character file.

3357 inc the Blocker (level 10, -3/66 HPs)
             Began as an Octopode Fighter on Apr 25, 2018.
             Was an Initiate of Gozag.
             Slain by Cadaver's ghost (9 damage)
             ... on level 8 of the Dungeon.
             The game lasted 00:15:12 (8569 turns).

inc the Blocker (Octopode Fighter)                  Turns: 8569, Time: 00:15:13

Health: -3/66      AC:  2    Str: 22 (24) XL:     10   Next: 3%
Magic:  10/10      EV: 13    Int: 10      God:    Gozag
Gold:   732        SH: 12    Dex: 11 (14) Spells: 9/9 levels left

rFire    . . .     SeeInvis .   j - +1 flail (crush)
rCold    . . .     Gourm    .   b - +0 shield
rNeg     . . .     Faith    .   o - +0 hat
rPois    .         Spirit   .   (no amulet)
rElec    .         Reflect  .   (no ring)
rCorr    .         Harm     .   (no ring)
MR       .....                  (no ring)
Stlth    ++........             (no ring)
HPRegen  0.21/turn              (no ring)
MPRegen  0.12/turn              (no ring)
                                (no ring)
                                (no ring)

@: mighty, gold aura
A: almost no armour, stealthy swim, amphibious, 8 rings, constrict 8, camouflage
1, deterioration 1, shaggy fur 1, strong 1, gelatinous body 1
a: Potion Petition, Call Merchant, Bribe Branch, Renounce Religion


You were on level 8 of the Dungeon.
You worshipped Gozag.
Gozag was pleased with you.
You were hungry.

You visited 2 branches of the dungeon, and saw 9 of its levels.
You also visited: Sewer.

You collected 801 gold pieces.
You paid 69 gold pieces to Gozag.

Inventory:

Hand Weapons
 a - a +0 flail
 j - a +1 flail of crushing (weapon)
Armour
 b - a +0 shield (worn)
 o - a +0 hat (worn)
Magical Staves
 n - an uncursed staff of fire
Jewellery
 t - an uncursed ring of teleportation
Scrolls
 c - 2 scrolls of identify
 f - a scroll of blinking {unknown}
 h - 5 scrolls of teleportation
 k - 3 scrolls of fear
 p - a scroll of magic mapping {unknown}
 q - 3 scrolls of fog {unknown}
 r - a scroll of amnesia {unknown}
 w - a scroll of immolation {unknown}
 y - a scroll of brand weapon {unknown}
 z - a scroll of remove curse
Potions
 i - 5 potions of haste
 l - a potion of flight
 m - a potion of magic
 u - 3 potions of lignification
 v - a potion of brilliance {unknown}
 A - a potion of agility {unknown}
Books
 g - a book of Minor Magic

   Spells                             Type                      Level
   a - Magic Dart                     Conjuration                  1
   b - Blink                          Translocation                2
   c - Call Imp                       Summoning                    2
   d - Slow                           Hexes                        2
   e - Conjure Flame                  Conjuration/Fire             3
   f - Mephitic Cloud                 Conjuration/Poison/Air       3
Comestibles
 d - 14 rations


   Skills:
 * Level 5.0 Fighting
 + Level 9.6 Maces & Flails
 - Level 3.0 Dodging
 + Level 9.9 Shields


You had 9 spell levels left.
You didn't know any spells.

Dungeon Overview and Level Annotations

Branches:
Dungeon (8/15)             Temple (1/1) D:7
   Lair: D:8-11

Altars:
Ashenzari
Cheibriados
Dithmenos
Elyvilon
Fedhas
Gozag
Hepliaklqana
Kikubaaqudgha
Makhleb
Nemelex Xobeh
Ru
Sif Muna
Trog
Uskayaw
Wu Jian
Yredelemnul
Zin
The Shining One

Annotations:
D:4 1 runed door
D:8 2 transporters, Cadaver's ghost, novice GrFi


Innate Abilities, Weirdness & Mutations

You cannot wear most types of armour.
You are very stealthy in the water. (Stealth+)
You are amphibious.
You can wear up to eight rings at the same time.
You can use your tentacles to constrict eight enemies at once.
Your skin changes colour to match your surroundings (Stealth+).
Your rubbery body absorbs attacks. (AC +1, EV +1)
Your body sometimes deteriorates upon taking damage.
You are covered in fur. (AC +1)
Your muscles are strong. (Str +2)


Message History

Unknown command.
Okay, then.
You bludgeon the two-headed ogre!!
Your squeeze misses the two-headed ogre.
The two-headed ogre is almost dead.
Cadaver's ghost says, "I was once a great warrior, and I still am!"
Cadaver's ghost barely misses you.
You sock the two-headed ogre!
You kill the two-headed ogre!
You feel your intelligence returning.
Your Fighting skill gained 2 levels and is now at level 5!
You have reached level 10!
You feel stronger. Cadaver's ghost closely misses you.
Okay, then.
You hit Cadaver's ghost but do no damage.
You squeeze Cadaver's ghost, but do no damage.
Cadaver's ghost hits you!
You die...
Your body crumbles into a pile of gold.

......######..........
.....................
..............#...... .. #
#.................# ... ..
#.......#####.....# ....
...
#............$....##....
...
#.................#.....
...
#...####.......$W....... ..
#... #......##@......#
#...####.(....##........ ##
#....(c....##........
....O.
#.....#######...###........
#.....# #.....# $.#'#.###.
#.....# #....(# #.#.#.....
#...... #.....# #.#.......
......c.
##.....####'#.......
.......O.
#...................


You could see Cadaver's ghost.

Vanquished Creatures
  A two-headed ogre (D:8)
  2 hippogriffs
  An orc warrior (D:8)
  Purgy (Sewer)
  An ice beast (D:7)
  2 ogres
  2 necrophages
  2 centaurs
  A bullfrog (D:5)
  3 killer bees
  A scorpion (D:4)
  5 wights (D:7)
  3 howler monkeys (D:7)
  3 crimson imps
  A bullfrog zombie (D:5)
  A quasit (D:7)
  3 orc priests
  8 hounds
  3 orc wizards
  6 worker ants
  A gnoll (D:4)
  11 adders
  A river rat (D:3)
  An ooze (D:1)
  3 adder zombies
  An adder skeleton (D:4)
  5 worms (D:3)
  3 leopard geckos
  34 orcs
  7 bats
  6 giant cockroaches
  11 goblins
  7 hobgoblins
  4 jackals (D:4)
  5 kobolds
  5 quokkas
  4 ball pythons
  9 frilled lizards
  A leopard gecko skeleton (D:6)
  9 rats
178 creatures vanquished.

Notes
Turn   | Place    | Note
-------+----------+-------------------------------------------
     0 | D:1      | inc the Octopode Fighter began the quest for the Orb.
     0 | D:1      | Reached XP level 1. HP: 16/16 MP: 1/1
   141 | D:1      | Reached XP level 2. HP: 14/21 MP: 2/2
   410 | D:1      | Reached XP level 3. HP: 15/26 MP: 3/3
  1546 | D:2      | Reached XP level 4. HP: 31/31 MP: 4/4
  1547 | D:2      | Found a burning altar of Makhleb.
  1882 | D:3      | Found a glowing drain.
  2087 | Sewer    | Entered a sewer
  2093 | Sewer    | Reached XP level 5. HP: 35/36 MP: 5/5
  2116 | Sewer    | Noticed Purgy
  2567 | Sewer    | Killed Purgy
  2678 | D:3      | Reached skill level 5 in Shields
  2678 | D:3      | Reached XP level 6. HP: 42/42 MP: 6/6
  3607 | D:4      | Reached skill level 5 in Maces & Flails
  4050 | D:4      | Reached XP level 7. HP: 28/46 MP: 7/7
  4272 | D:4      | Found a runed door.
  4452 | D:5      | Entered Level 5 of the Dungeon
  5241 | D:5      | Found an opulent altar of Gozag.
  5330 | D:5      | Became a worshipper of Gozag Ym Sagoz the Greedy
  5540 | D:5      | Found an ornate altar of the Wu Jian Council.
  5699 | D:5      | Reached XP level 8. HP: 52/52 MP: 8/8
  5951 | D:6      | Noticed a red ugly thing
  6170 | D:6      | Gained mutation: You are weak. (Str -2) [potion of mutation]
  6170 | D:6      | Gained mutation: You have a pair of small antennae on your head. [potion of mutation]
  6170 | D:6      | Gained mutation: You are covered in fur. (AC +1) [potion of mutation]
  6171 | D:6      | Lost mutation: You are weak. (Str -2) [potion of mutation]
  6171 | D:6      | Gained mutation: Your body sometimes deteriorates upon taking damage. [potion of mutation]
  6171 | D:6      | Gained mutation: You tend to lose your temper in combat. [potion of mutation]
  6171 | D:6      | Lost mutation: You tend to lose your temper in combat. [potion of mutation]
  6171 | D:6      | Gained mutation: Your spells are a little harder to cast, but a little more powerful. [potion of mutation]
  6787 | D:7      | Noticed a hippogriff
  6804 | D:7      | Killed a hippogriff
  6995 | D:7      | Reached XP level 9. HP: 44/56 MP: 9/9
  7035 | D:7      | Lost mutation: Your spells are a little harder to cast, but a little more powerful. [potion of mutation]
  7035 | D:7      | Lost mutation: Your body sometimes deteriorates upon taking damage. [potion of mutation]
  7035 | D:7      | Lost mutation: You have a pair of small antennae on your head. [potion of mutation]
  7035 | D:7      | Gained mutation: Your body sometimes deteriorates upon taking damage. [potion of mutation]
  7035 | D:7      | Gained mutation: You tend to lose your temper in combat. [potion of mutation]
  7035 | D:7      | Lost mutation: You tend to lose your temper in combat. [potion of mutation]
  7035 | D:7      | Gained mutation: Your muscles are strong. (Str +2) [potion of mutation]
  7098 | D:7      | Found a staircase to the Ecumenical Temple.
  7114 | Temple   | Entered the Ecumenical Temple
  7534 | D:7      | Found a sparkling altar of Nemelex Xobeh.
  7831 | D:8      | Found a transporter.
  7835 | D:8      | Found a transporter.
  7900 | D:8      | Noticed Cadaver's ghost (novice GrFi)
  8186 | D:8      | HP: 1/56 [hippogriff (8)]
  8478 | D:8      | Noticed a two-headed ogre
  8546 | D:8      | Noticed a two-headed ogre
  8568 | D:8      | Killed a two-headed ogre
  8568 | D:8      | Reached skill level 5 in Fighting
  8568 | D:8      | Reached XP level 10. HP: 6/66 MP: 10/10
  8569 | D:8      | Slain by Cadaver's ghost

Skill      XL: |  1  2  3  4  5  6  7  8  9 |
---------------+----------------------------+-----
Maces & Flails | 3 4 5 6 8 9 |  9.6
Shields        | 4 5 6 8 9 |  9.9
Fighting       | 5 |  5.0
Dodging        | |  3.0

Action                   |  1- 3 |  4- 6 |  7- 9 | 10-12 || total
-------------------------+-------+-------+-------+-------++-------
Melee: Flail             |    67 |   111 |   236 |     1 ||   415
       Constrict         |    14 |    29 |    57 |       ||   100
       Tentacles         |    13 |    20 |    42 |     1 ||    76
  Use: Potion            |     2 |     1 |    11 |       ||    14
       Scroll            |       |     5 |     5 |       ||    10
 Stab: Sleeping          |     4 |     5 |     6 |       ||    15
       Invisible         |       |       |     2 |       ||     2
  Eat: Chunk             |     2 |     7 |     1 |       ||    10
       Ration            |       |       |     4 |       ||     4
Armor: Skin              |     3 |     5 |    14 |       ||    22
Dodge: Dodged            |    38 |    42 |    94 |     1 ||   175
Block: Shield            |    35 |    45 |   126 |       ||   206
